 Dungeon Crawl Stone Soup version 0.27.1 (webtiles) character file.

Game seed: 17736542218304618328

364110 Ejeck the Slayer (level 21, -3/229 HPs)
             Began as a Minotaur Berserker on Aug 25, 2021.
             Was a High Priest of Trog.
             Slain by a rockslime (35 damage)
             ... on level 3 of the Pits of Slime.
             The game lasted 02:13:15 (38831 turns).

Ejeck the Slayer (Minotaur Berserker)              Turns: 38831, Time: 02:13:16

Health: -3/229     AC: 25    Str: 31    XL:     21   Next: 55%
Magic:  20/20      EV: 16    Int:  6    God:    Trog [*****.]
Gold:   1741       SH: 10    Dex: 19    Spells: 20/20 levels left

rFire    + . .     SeeInvis +   r - +9 demon whip (vamp)
rCold    + . .     Faith    .   x - +1 buckler "Veuskeong" {Fly}
rNeg     . . .     Spirit   .   G - +4 crystal plate armour
rPois    +         Reflect  .   u - +0 hat of the Blessed Realm {rF+ Will+ Str+2}
rElec    +         Harm     .   B - +1 cloak {Stlth+}
rCorr    +         Rampage  .   R - +0 pair of gloves of Ethics {*Corrode rElec rF+ Will+}
Will     +++++                  d - +2 pair of boots {Stlth+}
Stlth    ..........             b - amulet of regeneration
HPRegen  2.48/turn              T - ring "Ageph" {Ice rElec rCorr SInv}
MPRegen  0.17/turn              U - ring of Niboskor {rElec Str+6 Int+2 SInv}

@: strong-willed, corroded, unable to read, flying, regenerating
A: horns 2, retaliatory headbutt, deformed body, strong-willed 1, poison
resistance, robust 1, evolution 1, inability to read while threatened, sturdy
frame 1
}: 2/15 runes: barnacled, gossamer
a: Renounce Religion, Berserk, Trog's Hand, Brothers in Arms


You were on level 3 of the Pits of Slime.
You worshipped Trog.
Trog was extremely pleased with you.
You visited 8 branches of the dungeon, and saw 39 of its levels.
You also visited: Sewer.

You collected 5635 gold pieces.
You spent 3894 gold pieces at shops.

Inventory:

Hand Weapons
 r - a +9 vampiric demon whip (weapon)
 F - the +11 dire flail "Yffej" {vorpal, rF+ Dex+4}
   (Trog gifted it to you on level 4 of the Lair of Beasts)

   It inflicts extra damage upon your enemies.
   Dex:       It affects your dexterity (+4).
   rF:        It protects you from fire.
Armour
 d - a +2 pair of boots of stealth (worn)
 u - the +0 hat of the Blessed Realm (worn) {rF+ Will+ Str+2}
   (You found it on level 4 of the Dungeon)

   Str:       It affects your strength (+2).
   rF:        It protects you from fire.
   Will:      It increases your willpower.
 x - the +1 buckler "Veuskeong" (worn) {Fly}
   (You bought it in a shop on level 2 of the Shoals)

   Fly:       It grants you flight.
 B - a +1 cloak of stealth (worn)
 G - a +4 crystal plate armour (worn)
 R - the +0 pair of gloves of Ethics (worn) {*Corrode rElec rF+ Will+}
   (You found it on level 6 of the Lair of Beasts)

   rF:        It protects you from fire.
   rElec:     It insulates you from electricity.
   *Corrode:  It may corrode you when you take damage.
   Will:      It increases your willpower.
Jewellery
 b - an amulet of regeneration (around neck)
 E - a +4 ring of protection
 M - the amulet of Kumuurchy {Spirit Rampage +Blink}
   (You found it on level 2 of the Shoals)

   [amulet of guardian spirit]

   It causes incoming damage to be divided between your reserves of health and
   magic.
   +Blink:    It lets you blink.
   Rampage:   It bestows one free step when moving towards enemies.
 S - the ring "Tenyddec" {Ice Fly rPois rCorr MP+9 Int-4}
   (You found it on level 4 of the Shoals)

   [ring of ice]

   It enhances your ice magic.
   Int:       It affects your intelligence (-4).
   rF:        It makes you vulnerable to fire.
   rC:        It protects you from cold.
   rPois:     It protects you from poison.
   MP:        It affects your magic capacity (+9).
   Fly:       It grants you flight.
   rCorr:     It protects you from acid and corrosion.
 T - the ring "Ageph" (left hand) {Ice rElec rCorr SInv}
   (You found it on level 12 of the Dungeon)

   [ring of ice]

   It enhances your ice magic.
   rF:        It makes you vulnerable to fire.
   rC:        It protects you from cold.
   rElec:     It insulates you from electricity.
   SInv:      It lets you see invisible.
   rCorr:     It protects you from acid and corrosion.
 U - the ring of Niboskor (right hand) {rElec Str+6 Int+2 SInv}
   (You found it on level 4 of the Shoals)

   [ring of strength]

   Str:       It affects your strength (+6).
   Int:       It affects your intelligence (+2).
   rElec:     It insulates you from electricity.
   SInv:      It lets you see invisible.
 V - an amulet of magic regeneration
 Z - the amulet "Irphax" {Reflect *Slow +Inv rN+ Int+3 SH+5}
   (You took it off a deep elf blademaster on level 3 of the Elven Halls)

   [amulet of reflection]

   It reflects blocked missile attacks.
   Int:       It affects your intelligence (+3).
   rN:        It protects you from negative energy.
   +Inv:      It lets you turn invisible.
   *Slow:     It may slow you when you take damage.
   SH:        It affects your SH (+5).
Wands
 c - a wand of acid (55)
 f - a wand of charming (12)
 n - a wand of mindburst (33)
 y - a wand of flame (55)
 D - a wand of iceblast (87)
 H - a wand of paralysis (17)
 Q - a wand of digging (9)
 W - a wand of polymorph (6)
Scrolls
 g - 2 scrolls of holy word
 l - 8 scrolls of fog
 p - 9 scrolls of immolation
 s - 6 scrolls of fear
 t - 20 scrolls of teleportation
 v - 5 scrolls of magic mapping
 A - 5 scrolls of vulnerability
 C - 20 scrolls of identify
 L - a scroll of torment
 X - a scroll of blinking
 Y - a scroll of silence
Potions
 a - 2 potions of cancellation
 e - 6 potions of ambrosia
 i - a potion of might
 k - a potion of heal wounds
 m - 7 potions of curing
 w - 6 potions of haste
 z - 3 potions of berserk rage
 J - 3 potions of invisibility
 K - 2 potions of lignification
 O - 3 potions of mutation
 P - a potion of resistance
Miscellaneous
 N - a tin of tremorstones (2/2)


   Skills:
 * Level 22.4 Fighting
 - Level 18.0 Maces & Flails
 + Level 21.7 Armour
 + Level 14.9 Dodging
 + Level 15.9 Shields
 - Level 13.1 Evocations


You had 20 spell levels left.
You didn't know any spells.
Your spell library was empty.

Dungeon Overview and Level Annotations

Branches:
Dungeon (15/15)            Temple (0/1) D:4            Lair (6/6) D:11
 Shoals (4/4) Lair:4       Spider (4/4) Lair:4        Slime (4/5) Lair:6
    Orc (2/2) D:9             Elf (3/3) Orc:2        Vaults (0/5) D:14
 Depths (1/5) D:15          Sewer (visited)

Altars:
Ashenzari
Dithmenos
Elyvilon
Fedhas
Hepliaklqana
Kikubaaqudgha
Makhleb
Nemelex Xobeh
Okawaru
Qazlal
Sif Muna
Uskayaw
Vehumet
Wu Jian
Zin
Jiyva

Shops:
D:3 (   D:10 ?   Orc:2 (*?*   Elf:1 :   Elf:2 *   Shoals:1 =   Shoals:2 [
Depths:1 ([?

Portals:
Hell: Depths:1
Pandemonium: Depths:1


Innate Abilities, Weirdness & Mutations

You have a pair of horns on your head.
You reflexively headbutt those who attack you in melee.
Armour fits poorly on your strangely shaped body.
You are strong-willed. (Will+)
Your system is resistant to poisons. (rPois)
You are robust. (+10% HP)
You evolve.
You sometimes lose the ability to read scrolls when taking damage.
Your movements are slightly less encumbered by armour. (ER -2)


Message History

A rockslime comes into view.
You are splashed with acid.
You resist.
The rockslime quivers.
You are splashed with acid!
You resist.
* * * LOW HITPOINT WARNING * * *
Found a stone staircase leading up.
You are splashed with acid.
You resist.
* * * LOW HITPOINT WARNING * * *
Your corrosive artefact corrodes you!
An acid blob comes into view.
You are splashed with acid.
You resist.
* * * LOW HITPOINT WARNING * * *
The acid blob quivers.
The acid blob spits acid at you.
The splash of acid hits you but does no damage.
You are splashed with acid.
You resist.
* * * LOW HITPOINT WARNING * * *
You block the rockslime's attack.
Found a stone staircase leading down.
The acid blob hits you!!
* * * LOW HITPOINT WARNING * * *
You are splashed with acid.
You resist.
* * * LOW HITPOINT WARNING * * *
There is a stone staircase leading up, spattered with blood here.
The rockslime hits you but does no damage.
The acid blob hits you!
* * * LOW HITPOINT WARNING * * *
The acid corrodes you!
You are splashed with acid.
You resist.
* * * LOW HITPOINT WARNING * * *
You fly upwards.
There is a stone staircase leading down here.
Your skin crawls.
You feel strong-willed. The rockslime hits you!!
* * * LOW HITPOINT WARNING * * *
You are shoved backwards!
The acid blob completely misses you. The rockslime hits you.
* * * LOW HITPOINT WARNING * * *
You are shoved backwards!
You cannot read scrolls in your current state!
You feel much better. The rockslime hits you!!
You die...

.................#.##
..#.............#...#
...#........##..##.##
.............#...#.##
................#...#
.............#.#....#
.......>............#
.................J..##
................@J>..#
....................##
##..................#
###...#.............#
##......#...#..#...#
##.......##.#....#.##
#............#..#...#
......<.....#.##....#
..#................##


You could see an acid blob and a rockslime.

Vanquished Creatures
  Mara (Depths:1)
  Arachne (Spider:3)
  Jorgrun (Orc:1)
  A lich (Depths:1)
  2 deep elf blademasters (Elf:3)
  8 acid blobs
  Asterion (Depths:1)
  2 krakens
  Polyphemus (Shoals:2)
  Frances (Shoals:2)
  Kirke (Spider:1)
  Donald (Shoals:2)
  2 tengu reavers (Depths:1)
  2 azure jellies (Slime:2)
  9 rockslimes
  A frost giant (Depths:1)
  Louise (Shoals:1)
  Aizul (Spider:3)
  4 ghost moths
  A balrug (Depths:1)
  Ilsuiw (Shoals:2)
  10 deep elf elementalists (Elf:3)
  5 deep elf sorcerers
  An orc warlord (Orc:2)
  6 emperor scorpions (Spider:4)
  5 very ugly things
  3 quicksilver oozes
  5 deep elf demonologists
  A stone giant (Depths:1)
  4 entropy weavers
  A spark wasp (Spider:3)
  3 minotaurs (Shoals:4)
  6 deep elf annihilators
  4 merfolk javelineers
  4 deep elf death magi (Elf:3)
  A blizzard demon (Depths:1)
  3 merfolk impalers (Shoals:3)
  A fire dragon (Depths:1)
  2 ettins
  2 rakshasas
  4 great orbs of eyes
  Harold (D:8)
  2 ice dragons (Depths:1)
  10 hydras
  7 boulder beetles
  A death knight (D:15)
  5 merfolk avatars
  Erica (Lair:2)
  20 dancing weapons
  An alligator snapping turtle (Shoals:2)
  5 two-headed ogres
  3 catoblepae
  12 centaur warriors
  11 satyrs (Shoals:4)
  The ghost of flestrin the Thaumaturge, a novice DsTm of Nemelex Xobeh (D:9)
  Urug (Lair:2)
  The ghost of Malachi the Prestidigitator, a journeyman VSBe of Trog (Orc:1)
  4 deep troll shamans (Depths:1)
  3 death yaks (Shoals:2)
  7 tengu warriors
  2 orc high priests (Orc:2)
  18 deep elf knights
  A hell knight (Depths:1)
  A fire crab (shapeshifter) (Elf:3)
  4 sun demons
  2 sixfirhies (Depths:1)
  2 glowing orange brains
  9 sea snakes
  A deep troll (Depths:1)
  A lindwurm (Lair:6)
  2 wizards (Depths:1)
  A swamp dragon (shapeshifter) (D:15)
  6 deep elf archers
  23 harpies
  A torturous demonspawn (Depths:1)
  A phantasmal warrior (D:15)
  31 deep elf pyromancers
  36 deep elf zephyrmancers
  5 orc knights
  2 orc sorcerers
  17 orb spiders
  25 wolf spiders
  2 shining eyes (Slime:3)
  21 fauns
  12 cyclopes
  A manticore (shapeshifter) (D:14)
  23 manticores
  3 moths of wrath
  37 ugly things
  10 merfolk sirens
  8 black mambas
  Joseph (D:8)
  2 eyes of devastation
  14 water nymphs
  18 elephants
  20 cane toads
  A smoke demon (Depths:1)
  A yaktaur (D:15)
  An orange demon (Depths:1)
  5 gargoyles
  An unseen horror (shapeshifter) (D:12)
  4 rime drakes
  2 kobold demonologists
  An ice devil (Depths:1)
  A yaktaur (shapeshifter) (D:14)
  4 tengu conjurers
  2 efreet
  17 demonic crawlers
  3 freezing wraiths
  14 komodo dragons
  2 hellwings (Depths:1)
  25 jumping spiders
  A meliai (shapeshifter) (D:13)
  20 merfolk
  5 polar bears
  4 meliai
  6 hornets
  9 trolls
  3 wind drakes (Shoals:1)
  12 blink frogs
  3 dream sheep
  83 slime creatures
  9 snapping turtles
  27 tarantellas
  2 air elementals (Elf:2)
  2 fire elementals
  69 redbacks
  16 water elementals
  4 wraiths
  4 wyverns
  A yak (shapeshifter) (D:14)
  Grum (D:8)
  82 yaks
  5 basilisks
  5 steam dragons
  13 golden eyes
  3 vampire mosquitoes
  A warg (Orc:1)
  13 water moccasins
  18 orc warriors
  4 black bears
  2 boggarts (D:14)
  3 necrophages
  15 wolves
  6 ogres
  17 centaurs
  3 kobold brigands
  2 gnoll sergeants (D:9)
  9 bullfrogs
  3 earth elementals
  3 scorpions
  2 water moccasin skeletons (D:6)
  5 killer bees
  14 wights
  2 howler monkeys
  5 electric eels
  A crimson imp (Spider:1)
  6 centaur zombies
  3 jellies (D:6)
  3 bullfrog zombies
  4 hounds
  A gnoll shaman (D:8)
  15 orc priests
  Crazy Yiuf (D:7)
  A centaur skeleton (D:5)
  A bullfrog skeleton (D:7)
  7 iguanas
  27 orc wizards
  A howler monkey zombie (D:9)
  9 adders
  22 gnolls
  A shadow imp (D:5)
  An ufetubus (D:6)
  10 worms
  A dart slug (D:2)
  56 orcs
  8 endoplasms
  2 giant cockroaches
  4 hobgoblins
  10 jackals
  17 kobolds
  7 ball pythons
  12 bats
  7 frilled lizards
  12 goblins
  9 rats
  9 tentacles
1441 creatures vanquished.

Vanquished Creatures (collateral kills)
  A deep elf blademaster (Elf:2)
  2 deep elf master archers (Elf:3)
  A sphinx (Shoals:4)
  A deep elf sorcerer (Elf:3)
  A deep elf demonologist (Elf:3)
  A deep elf annihilator (Elf:3)
  A boulder beetle (D:11)
  4 dancing weapons (Elf:2)
  An orc high priest (Orc:2)
  3 deep elf knights
  A sea snake (Shoals:2)
  A deep elf archer (Elf:1)
  3 orc knights
  5 deep elf pyromancers
  8 deep elf zephyrmancers
  An orb spider (shapeshifter) (D:14)
  A faun (Shoals:4)
  A cyclops (D:14)
  3 orc sorcerers (Orc:2)
  6 ugly things
  2 elephants (Lair:6)
  3 efreet (D:14)
  2 kobold demonologists (D:9)
  A komodo dragon (Lair:4)
  A merfolk (Shoals:4)
  3 slime creatures (D:14)
  5 dream sheep (Lair:4)
  A redback (Spider:4)
  6 yaks
  An air elemental (Elf:2)
  A wraith (D:10)
  2 water elementals
  A basilisk (D:11)
  A warg (D:15)
  A water moccasin (D:11)
  3 orc warriors (Orc:2)
  3 wolves
  A centaur (D:10)
  9 kobold brigands (D:9)
  A bullfrog (Lair:2)
  3 orc priests
  4 orc wizards
  2 orcs (Orc:1)
103 creatures vanquished.

Vanquished Creatures (others)
  A great orb of eyes (Depths:1)
  A deep elf knight (D:14)
  A deep elf zephyrmancer (Elf:1)
  A rust devil (Depths:1)
  An unseen horror (shapeshifter) (D:14)
  A redback (Spider:1)
  6 humans (Spider:1)
  An orc warrior (Orc:2)
  An orc wizard (Orc:2)
  23 fungi
  98 plants
  9 tentacles
144 creatures vanquished.

Grand Total: 1688 creatures vanquished

Notes
Turn   | Place    | Note
-------+----------+-------------------------------------------
     0 | D:1      | Ejeck the Minotaur Berserker began the quest for the Orb.
     0 | D:1      | Reached XP level 1. HP: 19/19 MP: 0/0
    93 | D:1      | Reached XP level 2. HP: 20/26 MP: 1/1
   376 | D:1      | Reached skill level 5 in Maces & Flails
   485 | D:1      | Reached XP level 3. HP: 31/31 MP: 2/2
   599 | D:1      | Reached ** piety under Trog
  1458 | D:3      | Reached XP level 4. HP: 38/39 MP: 3/3
  1545 | D:3      | Found Kuori's Weapon Emporium.
  1730 | D:3      | Found a glowing drain.
  1753 | Sewer    | Entered a sewer
  1762 | Sewer    | Reached *** piety under Trog
  2330 | Sewer    | Reached XP level 5. HP: 41/45 MP: 4/4
  2742 | D:3      | Found a faded altar of an unknown god.
  2897 | D:4      | Found a blossoming altar of Fedhas.
  3025 | D:4      | Reached XP level 6. HP: 39/51 MP: 5/5
  3392 | D:4      | Found a shadowy altar of Dithmenos.
  3446 | D:4      | Found a staircase to the Ecumenical Temple.
  3598 | D:4      | Identified the +0 hat of the Blessed Realm {rF+ Will+
                  | Str+2}
  3714 | D:4      | Reached XP level 7. HP: 57/57 MP: 6/6
  3814 | D:5      | Entered Level 5 of the Dungeon
  3821 | D:5      | Reached skill level 10 in Maces & Flails
  3914 | D:5      | Reached **** piety under Trog
  4383 | D:5      | Reached XP level 8. HP: 61/64 MP: 7/7
  4443 | D:5      | You fall into a shaft and drop 2 floors!
  4535 | D:7      | Found an iron altar of Okawaru.
  4542 | D:7      | Found a sparkling altar of Nemelex Xobeh.
  4762 | D:7      | Found a runed translucent door.
  4763 | D:7      | Noticed Crazy Yiuf
  5048 | D:7      | Found an ancient bone altar of Kikubaaqudgha.
  5340 | D:7      | Killed Crazy Yiuf
  5465 | D:6      | Reached XP level 9. HP: 68/70 MP: 8/8
  5593 | D:6      | Reached skill level 4 in Fighting
  5593 | D:6      | Reached skill level 1 in Evocations
  6118 | D:6      | Reached ***** piety under Trog
  6537 | D:5      | Reached skill level 5 in Fighting
  6640 | D:5      | Found a hazy altar of Hepliaklqana.
  6843 | D:5      | Reached skill level 5 in Armour
  6964 | D:8      | Noticed Harold
  6975 | D:8      | Killed Harold
  6976 | D:8      | Reached skill level 6 in Fighting
  6976 | D:8      | Reached XP level 10. HP: 60/84 MP: 9/9
  6983 | D:8      | Reached skill level 7 in Fighting
  7090 | D:8      | Found a broken altar of Ashenzari.
  7124 | D:8      | Noticed Grum
  7137 | D:8      | Killed Grum
  7309 | D:8      | Found a white marble altar of Elyvilon.
  7556 | D:8      | Received a gift from Trog
  7707 | D:8      | Noticed a boulder beetle
  7707 | D:8      | Noticed Joseph
  7710 | D:8      | Reached skill level 5 in Evocations
  7717 | D:8      | Killed a boulder beetle
  7718 | D:8      | Reached skill level 8 in Fighting
  7720 | D:8      | Killed Joseph
  7918 | D:9      | Identified a scroll of acquirement
  7919 | D:9      | Acquired a +1 pair of boots of stealth
  8050 | D:9      | Found a runed translucent gate.
  8051 | D:9      | Found a runed translucent gate.
  8051 | D:9      | Noticed flestrin's ghost (novice DsTm)
  8052 | D:9      | Found a runed translucent gate.
  8071 | D:9      | Killed flestrin's ghost
  8072 | D:9      | Reached skill level 9 in Fighting
  8086 | D:9      | Reached XP level 11. HP: 96/97 MP: 10/10
  8240 | D:9      | Found a staircase to the Orcish Mines.
  8294 | D:9      | Found a radiant altar of Vehumet.
  8404 | D:9      | Noticed a two-headed ogre
  8411 | D:9      | Killed a two-headed ogre
  8686 | D:10     | Entered Level 10 of the Dungeon
  8715 | D:10     | Noticed a tengu warrior
  8719 | D:10     | Noticed an orc knight
  8720 | D:10     | Killed a tengu warrior
  8734 | D:10     | Reached skill level 10 in Fighting
  8736 | D:10     | Killed an orc knight
  8757 | D:10     | Reached skill level 10 in Armour
  8771 | D:10     | Noticed a green ugly thing
  8779 | D:10     | Killed a green ugly thing
  8806 | D:10     | Found a blossoming altar of Fedhas.
  9457 | D:10     | Found Foheibus's Magic Scroll Boutique.
  9466 | D:10     | Reached skill level 11 in Fighting
  9490 | D:10     | Bought a scroll of brand weapon for 240 gold pieces
  9490 | D:10     | Bought a scroll of identify for 24 gold pieces
  9490 | D:10     | Bought a scroll of identify for 24 gold pieces
  9490 | D:10     | Bought a scroll of summoning for 114 gold pieces
  9785 | D:11     | Noticed a boulder beetle
  9786 | D:11     | Found a staircase to the Lair.
  9791 | D:11     | Killed a boulder beetle
  9818 | D:11     | Reached XP level 12. HP: 66/110 MP: 11/11
 10057 | D:11     | Found a hide-covered altar of Uskayaw.
 10565 | Lair:1   | Entered Level 1 of the Lair of Beasts
 10591 | Lair:1   | Reached skill level 12 in Fighting
 10664 | Lair:1   | Noticed a six-headed hydra
 10671 | Lair:1   | Killed a six-headed hydra
 10885 | Lair:1   | Found a blossoming altar of Fedhas.
 10914 | Lair:1   | Received a gift from Trog
 11351 | Lair:2   | Noticed Erica
 11358 | Lair:2   | Killed Erica
 11375 | Lair:2   | Noticed a seven-headed hydra
 11381 | Lair:2   | Killed a seven-headed hydra
 11382 | Lair:2   | Reached skill level 13 in Fighting
 11407 | Lair:2   | Reached skill level 10 in Evocations
 11468 | Lair:2   | Noticed a seven-headed hydra
 11476 | Lair:2   | Killed a seven-headed hydra
 11504 | Lair:2   | Reached XP level 13. HP: 111/122 MP: 12/12
 11772 | Lair:2   | Noticed Urug
 11784 | Lair:2   | Killed Urug
 12510 | Lair:3   | Identified the +10 trident of the Snake Pit {flame, rElec
                  | rF+}
 12717 | Lair:3   | Reached skill level 14 in Fighting
 12964 | Lair:4   | Found a hole to the Spider Nest.
 13167 | Lair:4   | Found a staircase to the Shoals.
 13335 | Lair:4   | Identified the +11 dire flail "Yffej" {vorpal, rF+ Dex+4}
                  | (Trog gifted it to you on level 4 of the Lair of Beasts)
 13335 | Lair:4   | Received a gift from Trog
 14086 | Lair:5   | Reached XP level 14. HP: 102/133 MP: 13/13
 14414 | Lair:6   | Entered Level 6 of the Lair of Beasts
 14431 | Lair:6   | Identified the +0 leather armour of the Dwarven Hall
                  | {Regen+}
 14437 | Lair:6   | Reached skill level 15 in Fighting
 14566 | Lair:6   | Reached skill level 15 in Armour
 14800 | Lair:6   | Identified the +0 pair of gloves of Ethics {*Corrode rElec
                  | rF+ Will+}
 14807 | Lair:6   | Identified the +4 trident of Honesty {vorpal, Str+4}
 14986 | Lair:6   | Found a runed translucent door.
 14987 | Lair:6   | Noticed an acid blob
 14988 | Lair:6   | Found a viscous altar of Jiyva.
 14989 | Lair:6   | Found a staircase to the Slime Pits.
 14989 | Lair:6   | Noticed an acid blob
 14989 | Lair:6   | Noticed an acid blob
 15679 | Orc:1    | Entered Level 1 of the Orcish Mines
 15679 | Orc:1    | Found a frozen archway.
 15814 | Orc:1    | Found a runed translucent gate.
 15814 | Orc:1    | Found a runed translucent gate.
 15913 | Orc:1    | Reached skill level 16 in Fighting
 15960 | Orc:1    | Found a flagged portal.
 15968 | Orc:1    | Received a gift from Trog
 16104 | Orc:1    | Noticed Jorgrun
 16106 | Orc:1    | Found a runed translucent gate.
 16116 | Orc:1    | Killed Jorgrun
 16131 | Orc:1    | Noticed Malachi's ghost (journeyman VSBe)
 16149 | Orc:1    | Killed Malachi's ghost
 16298 | Orc:2    | Entered Level 2 of the Orcish Mines
 16383 | Orc:2    | Found a staircase to the Elven Halls.
 16565 | Orc:2    | Found Banurremu's General Store.
 16594 | Orc:2    | Found Loask's Magic Scroll Shoppe.
 16606 | Orc:2    | Reached XP level 15. HP: 104/142 MP: 14/14
 16623 | Orc:2    | Found Cekefet's Assorted Antiques.
 16627 | Orc:2    | Found Ymoih's Antique Weapon Boutique.
 16644 | Orc:2    | Bought a wand of iceblast (8) for 168 gold pieces
 16644 | Orc:2    | Bought a wand of flame (13) for 42 gold pieces
 16644 | Orc:2    | Bought a wand of iceblast (10) for 168 gold pieces
 16652 | Orc:2    | Bought a scroll of identify for 28 gold pieces
 16652 | Orc:2    | Bought a scroll of teleportation for 42 gold pieces
 16652 | Orc:2    | Bought a scroll of identify for 28 gold pieces
 16652 | Orc:2    | Bought a scroll of teleportation for 42 gold pieces
 16652 | Orc:2    | Bought a scroll of identify for 28 gold pieces
 16654 | Orc:2    | Bought a scroll of summoning for 142 gold pieces
 16816 | Orc:2    | Noticed an orc warlord
 16829 | Orc:2    | Killed an orc warlord
 17219 | D:10     | Gained mutation: Armour fits poorly on your strangely
                  | shaped body. [potion of mutation]
 17219 | D:10     | Gained mutation: Your system is resistant to poisons.
                  | (rPois) [potion of mutation]
 17219 | D:10     | Gained mutation: You evolve. [potion of mutation]
 17411 | D:12     | Received a gift from Trog
 17899 | D:12     | Reached skill level 17 in Fighting
 17923 | D:12     | Identified the ring "Ageph" {Ice rElec rCorr SInv}
 18463 | D:12     | Gained mutation: Your magical capacity is low. (-10% MP)
                  | [evolution]
 18745 | D:13     | Reached skill level 5 in Dodging
 19190 | D:14     | Found a gate to the Vaults.
 19348 | D:14     | Found a glowing silver altar of Zin.
 19452 | D:14     | Found a burning altar of Makhleb.
 19452 | D:14     | Found a sparkling altar of Nemelex Xobeh.
 19577 | D:14     | Found a blossoming altar of Fedhas.
 19579 | D:14     | Found an ancient bone altar of Kikubaaqudgha.
 19718 | D:14     | Reached XP level 16. HP: 140/157 MP: 13/13
 19784 | D:14     | Identified the +8 morningstar "Ewups" {flame, Drain rElec
                  | rC++ rN+} (Trog gifted it to you on level 14 of the
                  | Dungeon)
 19784 | D:14     | Received a gift from Trog
 20016 | D:14     | Gained mutation: Your movements are slightly less
                  | encumbered by armour. (ER -2) [evolution]
 20451 | D:15     | Entered Level 15 of the Dungeon
 20466 | D:15     | Found a stormy altar of Qazlal.
 20514 | D:15     | Reached skill level 18 in Fighting
 21031 | D:15     | Found a staircase to the Depths.
 21631 | Depths:1 | Entered Level 1 of the Depths
 21652 | Depths:1 | Found Oclin's Weapon Emporium.
 21654 | Depths:1 | Found Fuecziso's Antique Armour Shoppe.
 21661 | Depths:1 | Found Muxzucs's Magic Scroll Emporium.
 21689 | Depths:1 | Bought a scroll of teleportation for 33 gold pieces
 21689 | Depths:1 | Bought a scroll of teleportation for 33 gold pieces
 21689 | Depths:1 | Bought a scroll of enchant armour for 82 gold pieces
 21689 | Depths:1 | Bought a scroll of identify for 22 gold pieces
 21689 | Depths:1 | Bought a scroll of identify for 22 gold pieces
 21689 | Depths:1 | Bought a scroll of identify for 22 gold pieces
 21689 | Depths:1 | Bought a scroll of magic mapping for 38 gold pieces
 21689 | Depths:1 | Bought a scroll of teleportation for 33 gold pieces
 21689 | Depths:1 | Bought a scroll of acquirement for 572 gold pieces
 21691 | Depths:1 | Bought a glowing plate armour for 598 gold pieces
 21733 | Depths:1 | Reached skill level 15 in Maces & Flails
 23520 | Depths:1 | Found a gateway to Hell.
 23656 | Depths:1 | Identified the +1 chain mail of Context {-Tele Str+9}
 23820 | Depths:1 | Noticed a tengu reaver
 23853 | Depths:1 | Killed a tengu reaver
 23965 | Depths:1 | Found the +9 staff of Wucad Mu {*channel}
 24057 | Depths:1 | Noticed Asterion
 24078 | Depths:1 | Killed Asterion
 24081 | Depths:1 | Reached XP level 17. HP: 90/166 MP: 0/14
 24106 | Depths:1 | Noticed Mara
 24122 | Depths:1 | Noticed Ejeck's illusion
 24129 | Depths:1 | Killed Mara
 24465 | Depths:1 | Noticed a lich
 24479 | Depths:1 | Killed a lich
 24655 | Depths:1 | Gained mutation: You are robust. (+10% HP) [evolution]
 24862 | Depths:1 | Reached skill level 10 in Dodging
 24999 | Depths:1 | Found a one-way gate leading to the halls of Pandemonium.
 25036 | Depths:1 | Reached skill level 19 in Fighting
 25349 | Shoals:1 | Entered Level 1 of the Shoals
 25349 | Shoals:1 | Found Jets's Jewellery Boutique.
 25658 | Shoals:1 | Noticed Louise
 25750 | Shoals:1 | Noticed a kraken
 25785 | Shoals:1 | Killed a kraken
 26131 | Shoals:1 | Killed Louise
 26780 | Shoals:2 | Noticed Ilsuiw
 26817 | Shoals:2 | Killed Ilsuiw
 26904 | Shoals:2 | Noticed Polyphemus
 26906 | Shoals:2 | Noticed Donald
 26925 | Shoals:2 | Found Ytruh's Armour Emporium.
 26999 | Shoals:2 | Bought the +1 buckler "Veuskeong" {Fly} for 334 gold pieces
 27032 | Shoals:2 | Killed Donald
 27163 | Shoals:2 | Identified the amulet of Kumuurchy {Spirit Rampage +Blink}
 27192 | Shoals:2 | Reached skill level 1 in Shields
 27192 | Shoals:2 | Reached XP level 18. HP: 193/193 MP: 15/15
 27276 | Shoals:2 | Killed Polyphemus
 27474 | Shoals:2 | Acquired 546 gold pieces
 27687 | Shoals:2 | Noticed Frances
 27708 | Shoals:2 | Killed Frances
 27767 | Shoals:2 | Found an ornate altar of the Wu Jian Council.
 28418 | Shoals:3 | Reached skill level 5 in Shields
 28441 | Shoals:3 | Received a gift from Trog
 29035 | Shoals:4 | Entered Level 4 of the Shoals
 29447 | Shoals:4 | Identified the ring "Tenyddec" {Ice Fly rPois rCorr MP+9
                  | Int-4}
 29632 | Shoals:4 | Reached ****** piety under Trog
 29632 | Shoals:4 | Received a gift from Trog
 29647 | Shoals:4 | Identified the ring of Niboskor {rElec Str+6 Int+2 SInv}
 29673 | Shoals:4 | Got a barnacled rune of Zot
 30181 | D:10     | Gained mutation: Your body sometimes deteriorates upon
                  | taking damage. [evolution]
 30251 | Elf:1    | Entered Level 1 of the Elven Halls
 30296 | Elf:1    | Reached skill level 20 in Fighting
 30640 | Elf:1    | Reached XP level 19. HP: 197/203 MP: 16/16
 30783 | Elf:1    | Received a gift from Trog
 30792 | Elf:1    | Found Figouxeint's One-of-a-Kind Books.
 31138 | Elf:2    | Reached skill level 10 in Shields
 31140 | Elf:2    | Paralysed by an air elemental for 1 turns
 31223 | Elf:2    | Found a shimmering blue altar of Sif Muna.
 31336 | Elf:2    | Found a runed translucent gate.
 31336 | Elf:2    | Found a runed translucent gate.
 31336 | Elf:2    | Found a runed translucent gate.
 31402 | Elf:2    | Paralysed by an air elemental for 1 turns
 31560 | Elf:2    | Found Towyazog's Assorted Antiques.
 31576 | Elf:2    | Bought a scroll of identify for 58 gold pieces
 31576 | Elf:2    | Bought a scroll of identify for 58 gold pieces
 31576 | Elf:2    | Bought a slimy plate armour for 812 gold pieces
 31576 | Elf:2    | Identified the +0 plate armour of the Skies Above {+Inv}
                  | (You bought it in a shop on level 2 of the Elven Halls)
 31576 | Elf:2    | Bought a scroll of teleportation for 87 gold pieces
 31648 | Elf:2    | Received a gift from Trog
 32087 | Elf:3    | Entered Level 3 of the Elven Halls
 32445 | Elf:3    | Received a gift from Trog
 32886 | Elf:3    | Identified the amulet "Irphax" {Reflect *Slow +Inv rN+
                  | Int+3 SH+5}
 32889 | Elf:3    | Noticed a Brimstone Fiend
 32894 | Elf:3    | Identified the +10 rapier of the Leaping Spider {vorpal,
                  | Int+3 Dex+3}
 33119 | Elf:3    | Reached XP level 20. HP: 214/214 MP: 17/17
 33126 | Elf:3    | Received a gift from Trog
 33197 | Elf:3    | Identified the +9 hand axe of the Sixty-Six Portals {flame,
                  | Str+6 Int+4}
 33275 | Elf:3    | Identified the +2 robe of Mirth {Contam rC+ Regen+}
 33275 | Elf:3    | Identified the amulet "Hoce" {Faith Harm rElec Int-3 Dex+7}
 33279 | Elf:3    | Identified the +1 leather armour "Tuiret" {Contam Will+++
                  | rCorr Dex-3}
 33324 | Elf:3    | Identified the +4 quarterstaff of Qudd {freeze, rElec Str+4
                  | Dex+4}
 33632 | Spider:1 | Entered Level 1 of the Spider Nest
 33693 | Spider:1 | Lost mutation: Your magical capacity is low. (-10% MP)
                  | [evolution]
 33791 | Spider:1 | Noticed Kirke
 33803 | Spider:1 | Killed Kirke
 33812 | Spider:1 | Reached skill level 21 in Fighting
 33937 | Spider:1 | Found the -2 hat of the Alchemist {rElec rPois rF+ rC+ rN+
                  | Will+ rMut rCorr}
 34660 | Spider:2 | Received a gift from Trog
 35271 | Spider:3 | Noticed Aizul
 35287 | Spider:3 | Killed Aizul
 35409 | Spider:3 | Noticed Arachne
 35433 | Spider:3 | Killed Arachne
 35995 | Spider:3 | Acquired 801 gold pieces
 36028 | Spider:4 | Entered Level 4 of the Spider Nest
 36304 | Spider:4 | Received a gift from Trog
 36418 | Spider:4 | Reached skill level 15 in Shields
 36785 | Spider:4 | Received a gift from Trog
 36887 | Spider:4 | Got a gossamer rune of Zot
 37150 | Lair:6   | Reached XP level 21. HP: 219/226 MP: 20/20
 37168 | Slime:1  | Entered Level 1 of the Pits of Slime
 37365 | Slime:1  | Reached skill level 22 in Fighting
 37471 | Slime:1  | Gained mutation: You are strong-willed. (Will+) [evolution]
 37736 | Slime:2  | Received a gift from Trog
 37983 | Slime:3  | Lost mutation: Your body sometimes deteriorates upon taking
                  | damage. [a shining eye]
 38059 | Slime:3  | Gained mutation: You sometimes lose the ability to read
                  | scrolls when taking damage. [a shining eye]
 38830 | Slime:3  | HP: 10/229 [rockslime (18)]
 38831 | Slime:3  | Slain by a rockslime

Illustrated notes

Levels and vault maps discovered:
D:1:      wander_arrival_desolate, layout_basic, minmay_misc_feat_columns,
          hangedman_decor_opposing
D:2:      layout_rooms
D:3:      layout_rooms, cheibrodos_sewer_entry_bend, serial_shops,
          shop_fountains, shapermc_ecumenical_altar_hornbeckon, st_stairs_13
D:4:      layout_rooms, fedhas_altar_2, nicolae_dithmenos_shadow_blocks,
          temple_fountains, serial_corexii_hall, corexii_hall_statues_l,
          corexii_hall_statues_u
D:5:      layout_basic, amcnicky_altar_gilded
D:6:      minmay_flawed_box, layout_loops_ring, minivault_5
D:7:      layout_rooms, marbit_many_paths, amethyst_overflow_temple_binary,
          kennysheep_small_square, uniq_crazy_yiuf_cottage
D:8:      layout_loops_cross, elyvilon_altar_1, nicolae_overflow_hidden_temple,
          minmay_small_thing, uniq_grum, uniq_joseph, uniq_harold
D:9:      layout_gridville, nicolae_vehumet_altar_sigil, orc_0_dummy,
          gammafunk_ghost_nasty_kobolds
D:10:     hangedman_cross_cluster, layout_irregular_city, nicolae_stop_n_shop_2
D:11:     layout_cave_pods, minmay_lair_entry_grove, grunt_ministairs_8,
          nicolae_uskayaw_dance_hall
D:12:     minmay_concentric_multi, layout_layer_cave
D:13:     layout_gridville
D:14:     minmay_the_grid_octo_tiled_octocenter_mashed
          [minmay_the_grid_octo_empty, minmay_the_grid_octo_fat_diamond,
          minmay_the_grid_octo_pinwheel, minmay_the_grid_octo_shrine,
          minmay_the_grid_octo_prize_big_c, minmay_the_grid_square_5x5_comb,
          minmay_the_grid_square_5x5_corner,
          minmay_the_grid_square_5x5_sharp_hourglass,
          minmay_the_grid_square_5x5_two_walls_b], layout_irregular_city,
          erik_vaults_1, minmay_misc_feat_iff, st_stairs_13,
          grunt_ministairs_12, zin_academy
D:15:     gammafunk_enter_depths_forms, layout_basic, hex_medium,
          nicolae_qazlal_style_of_elements
Lair:1:   layout_regular_city, basic_altar
Lair:2:   layout_hall_layers, uniq_erica, uniq_urug
Lair:3:   layout_cave_pods
Lair:4:   layout_small_grid, minmay_shoals_entry_hut, spider_nest_entry_rubble,
          st_stairs_4, lemuel_fruit_fields, infiniplex_staircase_pool
Lair:5:   layout_long_grid, lemuel_fruit_fields, wad_woods_river_01
Lair:6:   gammafunk_lair_ancient_temple, layout_cellular_growth, slime_altar_2,
          minmay_stone_trees_small
Shoals:1: layout_shoals, serial_shops, nicolae_shop_stone,
          nicolae_shoals_sun_and_surf, uniq_louise
Shoals:2: layout_shoals, serial_shops, shop, wheals_shoals_ruined_temple,
          uniq_ilsuiw, uniq_frances, uniq_polyphemus, uniq_donald
Shoals:3: layout_shoals
Shoals:4: shoals_end_hellmonk_lost_city
Spider:1: layout_spider_delve, nicolae_crawler_farm, uniq_kirke
Spider:2: nicolae_spider_hall_of_the_moth_king
Spider:3: layout_spider_delve, uniq_aizul, uniq_arachne
Spider:4: grunt_spider_rune_circles, drop_trap
Slime:1:  layout_caves
Slime:2:  layout_caves
Slime:3:  layout_caves
Slime:4:  layout_caves
Orc:1:    layout_caves, portal_ice_cave_entry_pillars_2, enter_bailey_5,
          gammafunk_ghost_split, uniq_jorgrun
Orc:2:    st_orc_elflike, layout_caves, hellmonk_guarded_unrand_dark_maul
Elf:1:    layout_geoelf_diagonals, minmay_elf_demonology, nicolae_rare_books
Elf:2:    elven_hall_of_blades_hangedman_original [nicolae_blade_lattice],
          layout_gridlike, serial_shops, shop, basic_altar
Elf:3:    grunt_elf_hall_asides, layout_gridlike, grunt_ministairs_12
Depths:1: layout_gridlike, lightli_too_deep, grunt_pan_entry_sceptre,
          minmay_misc_feat_doors, wad_dig_loot, minmay_shop_star,
          serial_bayou_shore_b, kennysheep_random_hallway, serial_bayou_shore_a,
          uniq_mara, uniq_asterion

Skill      XL: |  1  2  3  4  5  6  7  8  9 10 11 12 13 14 15 16 17 18 19 20 21 |
---------------+----------------------------------------------------------------+-----
Maces & Flails | 4 5 6 8 9 11 13 14 15 17 18 | 18.0
Fighting       | 6 9 11 13 14 16 17 18 19 20 21 22 | 22.4
Evocations     | 4 6 8 10 11 12 13 | 13.1
Armour         | 6 8 11 12 14 16 17 18 19 20 21 | 21.7
Dodging        | 6 9 10 11 13 14 | 14.9
Shields        | 1 9 12 15 | 15.9

Action                   |  1- 3 |  4- 6 |  7- 9 | 10-12 | 13-15 | 16-18 | 19-21 || total
-------------------------+-------+-------+-------+-------+-------+-------+-------++-------
Melee: Mace              |    29 |       |       |       |       |       |       ||    29
       Headbutt          |    10 |    34 |    35 |    88 |   288 |   462 |   531 ||  1448
       Whip              |    77 |   133 |       |       |       |       |       ||   210
       Dire flail        |       |    20 |   185 |   340 |   890 |   254 |       ||  1689
       Morningstar       |       |       |       |       |       |   173 |       ||   173
       Demon whip        |       |       |       |       |       |  1010 |  1579 ||  2589
Invok: Berserk           |       |     2 |     2 |     4 |     3 |     7 |     3 ||    21
       Trog's Hand       |       |       |     4 |     5 |    13 |    22 |    20 ||    64
       Brothers in Arms  |       |       |       |     6 |     9 |     7 |    10 ||    32
Evoke: Tin of tremorston |       |       |       |       |     5 |     6 |     9 ||    20
       Wand              |       |       |       |       |     6 |    17 |    33 ||    56
  Use: Scroll            |       |    13 |     2 |    15 |    11 |    18 |    14 ||    73
       Potion            |       |     3 |       |       |     2 |     7 |     5 ||    17
 Stab: Sleeping          |       |       |     1 |     5 |    17 |     2 |       ||    25
       Distracted        |       |       |       |       |     2 |     2 |     5 ||     9
       Petrified         |       |       |       |       |       |     1 |       ||     1
       Paralysed         |       |       |       |       |       |       |     1 ||     1
Armor: Ring mail         |    41 |    34 |    52 |   194 |   414 |   108 |       ||   843
       Crystal plate arm |       |       |       |       |       |   645 |   685 ||  1330
       Plate armour      |       |       |       |       |       |    13 |       ||    13
Dodge: Dodged            |    65 |    82 |    66 |   166 |   447 |   666 |   632 ||  2124
Block: Buckler           |       |       |       |       |       |   189 |   522 ||   711
